 Dungeon Crawl Stone Soup version 0.31-a0-826-ga5cc291a1b (webtiles) character file.

Game seed: 6737279462847089360

3805 qw the Skirmisher (level 10, -6/64 HPs)
             Began as a Gargoyle Hunter on Sept 23, 2023.
             Was a Believer of Okawaru.
             Mangled by a death yak (19 damage)
             ... on level 8 of the Dungeon.
             The game lasted 00:03:02 (6345 turns).

qw the Skirmisher (Gargoyle Hunter)                 Turns: 6345, Time: 00:03:03

Health: -6/64      AC: 20    Str: 14    XL:     10   Next: 17%
Magic:  13/13      EV: 20    Int: 11    God:    Okawaru [**....]
Gold:   413        SH:  0    Dex: 17    Spells: 9/9 levels left

rFire   . . .        n - +0 orcbow
rCold   . . .        (shield currently unavailable)
rNeg    + + .        g - +0 ring mail
rPois   inf          d - +2 helmet
rElec   +            k - +0 cloak
rCorr   .            (no gloves)
SInv    .            f - +0 pair of boots
Will    .....        o - amulet of the acrobat
Stlth   +++          b - +5 ring of evasion
HPRegen 0.30/turn    l - ring of positive energy
MPRegen 0.13/turn

%: acrobat
@: heroic
A: sickness immunity, AC +7, negative energy resistance 1, electricity
resistance, torment resistance 1, petrification resistance
a: Renounce Religion, Heroism


You were on level 8 of the Dungeon.
You worshipped Okawaru.
Okawaru was pleased with you.
You visited 2 branches of the dungeon, and saw 9 of its levels.
You also visited: Sewer.

You collected 413 gold pieces.


Innate Abilities, Weirdness & Mutations

You are immune to sickness and miasma.
Your stone body is resilient. (AC +7)
You are immune to poison.
You resist negative energy. (rN+)
You are resistant to electric shocks. (rElec)
You are resistant to unholy torment.
You are immune to petrification.


   Skills:
 - Level 8.2(13.2) Fighting
 + Level 11.2(16.2) Ranged Weapons
 - Level 4.4(9.4) Armour
 - Level 3.0(8.0) Dodging
 - Level 1.1(6.1) Stealth
 - Level 4.2 Invocations


You had 9 spell levels left.
You didn't know any spells.
Your spell library was empty.

Inventory:

Hand Weapons
 n - a +0 orcbow (weapon)
Armour
 d - a +2 helmet (worn)
 f - a +0 pair of boots (worn)
 g - a +0 ring mail (worn)
 k - a +0 cloak (worn)
Jewellery
 b - a +5 ring of evasion (left hand)
 l - a ring of positive energy (right hand)
 o - an amulet of the acrobat (around neck)
Scrolls
 a - 4 scrolls of identify
 c - 9 scrolls of teleportation
Potions
 e - 2 potions of curing
 h - 3 potions of might
 i - 3 potions of mutation
 j - a potion of heal wounds

Dungeon Overview and Level Annotations

Branches:
Dungeon (8/15)             Temple (1/1) D:6           Sewer (visited)
   Lair: D:8-11

Altars:
Ashenzari
Cheibriados
Dithmenos
Elyvilon
Fedhas
Gozag
Hepliaklqana
Kikubaaqudgha
Makhleb
Nemelex Xobeh
Okawaru
Qazlal
Ru
Sif Muna
Trog
Uskayaw
Wu Jian
Xom
Zin
The Shining One

Shops:
D:2 :   D:6 :

Annotations:
D:8 Amaemon


Message History

Amaemon tail-slaps you but does no damage.
The death yak closely misses you.
A death yak comes into view.
You shoot an arrow. The arrow closely misses Amaemon.
You shoot an arrow. The arrow closely misses Amaemon.
The death yak barely misses you.
You shoot an arrow. The arrow barely misses the death yak.
The death yak snorts and paws the ground.
The death yak gores you.
You shoot an arrow.
The arrow hits the death yak but does no damage.
The death yak closely misses you. The death yak misses you.
You shoot an arrow.
The arrow hits the death yak but does no damage.
The death yak gores you. The death yak misses you.
You shoot an arrow. The arrow hits the death yak!!
The death yak is moderately wounded.
You shoot an arrow. The arrow barely misses the death yak.
The death yak gores you but does no damage.
The death yak barely misses you.
You shoot an arrow. The arrow hits the death yak.
The death yak is moderately wounded.
The death yak completely misses you. The death yak misses you.
You shoot an arrow. The arrow hits the death yak!
The death yak is moderately wounded.
The death yak gores you but does no damage. x2
You shoot an arrow. The arrow hits the death yak!
The death yak is heavily wounded.
The death yak misses you. x2
You shoot an arrow. The arrow hits the death yak!
The death yak is severely wounded.
You shoot an arrow. The arrow hits the death yak.
The death yak is severely wounded.
The death yak barely misses you. The death yak gores you!
You shoot an arrow. The arrow barely misses the death yak.
The death yak gores you! x2
You shoot an arrow. The arrow hits the death yak!
The death yak is severely wounded.
The death yak gores you! The death yak gores you!!
You die...

#. .Y ... #. . .##r.
#. .. .... #. .#. ...
#.#######) .... ..
#......)>) .... 6##
#####.#### #..##Y#
#.# # #YY@.# ##.## #
####.#### #...###
#....# ##.#.#.##
#....# #.##..#.#
##....# ##.##...#
####....#######......
+....................
###.........###.#....
#.#.#.###.# #.#.#.#


You could see 3 death yaks.

Vanquished Creatures
  An orange demon (D:8)
  A wyvern (D:7)
  6 yaks (D:8)
  Menkaure (D:5)
  A water moccasin (D:7)
  A sky beast (D:7)
  4 ice beasts
  A black bear (D:4)
  An ogre (D:6)
  A centaur (D:7)
  A phantom (D:5)
  2 kobold brigands
  6 bullfrogs
  5 scorpions
  2 orc priests (D:8)
  2 hounds
  A sleepcap (D:6)
  2 orc wizards (D:7)
  5 iguanas
  A hell rat (D:8)
  3 gnolls (D:4)
  11 adders
  A river rat (Sewer)
  A white imp (D:6)
  An ufetubus (D:7)
  A worm (D:3)
  3 dart slugs
  19 orcs
  6 endoplasms
  4 giant cockroaches
  4 goblins
  5 hobgoblins
  13 jackals
  20 kobolds
  2 quokkas
  20 ball pythons
  9 bats
  7 frilled lizards
  39 rats
214 creatures vanquished.

Notes
Turn   | Place    | Note
-------+----------+-------------------------------------------
     0 | D:1      | qw the Gargoyle Hunter began the quest for the Orb.
     0 | D:1      | Reached XP level 1. HP: 12/12 MP: 1/1
     0 | D:1      | 0 ||| qw: Version: 0.3-a-83-gcd0e7d8
     0 | D:1      | 0 ||| qw: Game counter: 1868
     0 | D:1      | 0 ||| qw: Melee chars always use a shield: true
     0 | D:1      | 0 ||| qw: God list: Okawaru
     0 | D:1      | 0 ||| qw: Allow faded altars: false
     0 | D:1      | 0 ||| qw: Do Orc after clearing Dungeon:15 true
     0 | D:1      | 0 ||| qw: Do second Lair branch before Depths: true
     0 | D:1      | 0 ||| qw: Lair rune preference: random
     0 | D:1      | 0 ||| qw: Goals: Normal
     0 | D:1      | 0 ||| PLANNING D:1-11
   111 | D:1      | Reached XP level 2. HP: 17/17 MP: 2/2
   380 | D:1      | Reached XP level 3. HP: 21/21 MP: 3/3
   389 | D:1      | Reached skill level 5 in Ranged Weapons
   524 | D:1      | 524 ||| UPGRADING to +0 pair of boots.
   529 | D:1      | 529 ||| READING scroll labelled HEUS ZOZUFFUE.
   530 | D:1      | 530 ||| READING scroll labelled NEJ NI VICOYPONK.
   531 | D:1      | 531 ||| READING scroll labelled FENEIT KIPIHABB.
   536 | D:1      | 536 ||| DROPPING scroll of butterflies.
   561 | D:2      | 561 ||| STAIRDANCE
   733 | D:2      | Found Fiteanos's Book Shoppe.
  1032 | D:2      | 1032 ||| READING scroll of enchant weapon.
  1032 | D:2      | 1032 ||| ENCHANTING +1 shortbow.
  1134 | D:2      | Reached skill level 3 in Fighting
  1230 | D:2      | 1230 ||| UPGRADING to +0 helmet.
  1235 | D:2      | 1235 ||| UPGRADING to +0 ring mail.
  1245 | D:2      | 1245 ||| DROPPING +0 leather armour.
  1246 | D:2      | 1246 ||| UPGRADING to +5 ring of evasion.
  1247 | D:2      | 1247 ||| READING 3 scrolls labelled TIDARE TISIN.
  1248 | D:2      | 1248 ||| DRINKING 2 blue potions.
  1285 | D:3      | 1285 ||| PLANNING SEWER
  1332 | D:3      | Reached XP level 4. HP: 28/28 MP: 4/4
  1355 | D:3      | Reached skill level 1 in Armour
  1427 | D:3      | Found a shimmering blue altar of Sif Muna.
  1428 | D:3      | Found a burning altar of Makhleb.
  1494 | D:3      | Reached XP level 5. HP: 32/32 MP: 5/5
  1759 | D:3      | Found a glowing drain.
  1771 | D:3      | 1771 ||| UPGRADING to +0 cloak.
  1776 | D:3      | 1776 ||| READING scroll labelled VIRGHU KORGHEGG.
  1777 | D:3      | 1777 ||| DRINKING 2 coppery potions.
  1778 | D:3      | 1778 ||| READING 3 scrolls of identify.
  1778 | D:3      | 1778 ||| IDENTIFYING smoky inky potion
  1779 | D:3      | 1779 ||| DROPPING potion of magic.
  1786 | Sewer    | Entered a sewer
  1799 | Sewer    | 1799 ||| Stepping ~*~*~tactically~*~*~ (water).
  1809 | Sewer    | 1809 ||| Stepping ~*~*~tactically~*~*~ (water).
  1860 | Sewer    | Reached skill level 6 in Ranged Weapons
  2022 | Sewer    | 2022 ||| Stepping ~*~*~tactically~*~*~ (water).
  2043 | Sewer    | Reached XP level 6. HP: 29/39 MP: 6/6
  2133 | Sewer    | 2133 ||| READING scroll labelled HUEVOANKIU.
  2134 | Sewer    | 2134 ||| READING scroll labelled LAOM CYEHE.
  2135 | Sewer    | 2135 ||| READING 3 scrolls labelled SUPTI ZO ESS.
  2136 | Sewer    | 2136 ||| READING 2 scrolls of enchant armour.
  2136 | Sewer    | 2136 ||| ENCHANTING +0 helmet.
  2137 | Sewer    | 2137 ||| READING scroll of enchant armour.
  2137 | Sewer    | 2137 ||| ENCHANTING +1 helmet.
  2138 | Sewer    | 2138 ||| DRINKING 3 red potions.
  2142 | D:3      | 2142 ||| PLANNING D:1-11
  2247 | D:4      | Noticed a black bear
  2255 | D:4      | Killed a black bear
  2256 | D:4      | Reached skill level 7 in Ranged Weapons
  2256 | D:4      | Reached XP level 7. HP: 44/44 MP: 7/7
  2695 | D:4      | Found an ornate altar of the Wu Jian Council.
  2885 | D:4      | 2885 ||| READING scroll labelled TUOBIYSEDU.
  2886 | D:4      | 2886 ||| READING scroll labelled VAXUCO WATO.
  2914 | D:5      | Entered Level 5 of the Dungeon
  3121 | D:5      | Reached skill level 8 in Ranged Weapons
  3253 | D:5      | Noticed Menkaure
  3263 | D:5      | Killed Menkaure
  3264 | D:5      | Reached XP level 8. HP: 22/49 MP: 8/8
  3367 | D:5      | 3367 ||| READING scroll of enchant weapon.
  3367 | D:5      | 3367 ||| ENCHANTING +2 shortbow.
  3430 | D:5      | Reached skill level 9 in Ranged Weapons
  3526 | D:5      | Identified the +1 short sword of Semeawoh {heavy, rPois
                  | Dex+2}
  3646 | D:5      | 3646 ||| READING scroll labelled GEDONU OFAUROM.
  3679 | D:5      | 3679 ||| READING 4 scrolls of identify.
  3679 | D:5      | 3679 ||| IDENTIFYING green potion
  3702 | D:6      | 3702 ||| STAIRDANCE
  3710 | D:5      | Reached skill level 3 in Armour
  3719 | D:6      | 3719 ||| STAIRDANCE
  3907 | D:6      | Found Bateiph's Book Boutique.
  3963 | D:6      | Found a staircase to the Ecumenical Temple.
  3964 | D:6      | 3964 ||| PLANNING TEMPLE
  3969 | Temple   | Entered the Ecumenical Temple
  3970 | Temple   | 3970 ||| PLANNING OKAWARU WORSHIP
  3982 | Temple   | Became a worshipper of Warmaster Okawaru
  3983 | Temple   | 3983 ||| PLANNING D:1-11
  4168 | D:6      | Reached skill level 6 in Fighting
  4342 | D:6      | Found a hide-covered altar of Uskayaw.
  4548 | D:6      | Reached XP level 9. HP: 41/55 MP: 9/9
  4684 | D:6      | 4684 ||| UPGRADING to amulet of the acrobat.
  4689 | D:6      | 4689 ||| READING scroll labelled DAOXA ZIHIXKY.
  4737 | D:6      | 4737 ||| READING scroll labelled BEVARO NEUC.
  4738 | D:6      | 4738 ||| READING 3 scrolls of identify.
  4738 | D:6      | 4738 ||| IDENTIFYING lumpy pink potion
  4739 | D:6      | 4739 ||| DROPPING potion of attraction.
  4777 | D:7      | Reached * piety under Okawaru
  4778 | D:7      | Reached skill level 10 in Ranged Weapons
  4907 | D:7      | Reached skill level 1 in Invocations
  5364 | D:7      | Reached skill level 3 in Invocations
  5444 | D:7      | 5444 ||| SWAPPING to +0 orcbow.
  5452 | D:7      | 5452 ||| DROPPING +3 shortbow.
  5607 | D:7      | 5607 ||| UPGRADING to ring of positive energy.
  5608 | D:7      | 5608 ||| READING 4 scrolls of identify.
  5608 | D:7      | 5608 ||| IDENTIFYING emerald potion
  5609 | D:7      | 5609 ||| DROPPING potion of invisibility.
  5699 | D:8      | Found an ancient bone altar of Kikubaaqudgha.
  5786 | D:8      | 5786 ||| RETREEAATING.
  5793 | D:8      | 5793 ||| Stepping ~*~*~tactically~*~*~ (retreating).
  5799 | D:8      | 5799 ||| Stepping ~*~*~tactically~*~*~ (retreating).
  5800 | D:8      | 5800 ||| Stepping ~*~*~tactically~*~*~ (retreating).
  5801 | D:8      | 5801 ||| Stepping ~*~*~tactically~*~*~ (retreating).
  5802 | D:8      | 5802 ||| Stepping ~*~*~tactically~*~*~ (retreating).
  5803 | D:8      | 5803 ||| INVOKING Heroism.
  5817 | D:8      | Reached ** piety under Okawaru
  5824 | D:8      | Reached skill level 11 in Ranged Weapons
  5829 | D:8      | 5829 ||| INVOKING Heroism.
  5838 | D:8      | Reached skill level 3 in Dodging
  5847 | D:8      | Reached XP level 10. HP: 27/63 MP: 11/13
  6197 | D:8      | Noticed an orange demon
  6197 | D:8      | Noticed Amaemon
  6198 | D:8      | 6198 ||| RETREEAATING.
  6217 | D:8      | Killed an orange demon
  6223 | D:8      | 6223 ||| INVOKING Heroism.
  6315 | D:8      | 6315 ||| INVOKING Heroism.
  6318 | D:8      | Noticed a death yak
  6319 | D:8      | 6319 ||| Stepping ~*~*~tactically~*~*~ (retreating).
  6325 | D:8      | Noticed a death yak
  6332 | D:8      | Noticed a death yak
  6345 | D:8      | HP: 13/64 [death yak (7)]
  6345 | D:8      | Mangled by a death yak

Levels and vault maps discovered:
D:1:      erik_arrival_blinker_ship, layout_basic, minmay_misc_feat_square
D:2:      layout_loops_ring, serial_shops, nicolae_book_shop_shelving,
          corexii_shack, hangedman_decor_points, grunt_ministairs_14,
          minmay_tall_x
D:3:      layout_rooms, nicolae_overflow_squiral, cheibrodos_sewer_entry_bend
D:4:      layout_gridville, lemuel_crystal_altar
D:5:      layout_gridville, uniq_menkaure
D:6:      layout_loops_corners, general_overflow_altar,
          minmay_temple_entry_enclosed_plants, serial_shops,
          nicolae_shop_hallway_plus, grunt_ministairs_14
D:7:      layout_loops_ring, minmay_misc_feat_plants
D:8:      layout_loops_corners, lemuel_doored_altar, dpeg_lair_monsters,
          special_room [special_room_orc], uniq_amaemon
Temple:   nicolae_temple_superstar

Skill      XL: |  1  2  3  4  5  6  7  8  9 10 |
---------------+-------------------------------+-----
Ranged Weapons | 5 6 7 8 9 11 | 11.2
Fighting       | 3 4 5 6 7 8 |  8.2
Armour         | 1 2 3 4 |  4.4
Dodging        | 2 3 |  3.0
Invocations    | 4 |  4.2
Stealth        | |  1.1

Action                     |  1- 3 |  4- 6 |  7- 9 | 10-12 || total
---------------------------+-------+-------+-------+-------++-------
   Fire: Shortbow          |   138 |   196 |   320 |       ||   654
         Orcbow            |       |       |    65 |   106 ||   171
 Invoke: Heroism           |       |       |     2 |     2 ||     4
    Use: Scroll            |     5 |     7 |     9 |       ||    21
         Potion            |     1 |     2 |       |       ||     3
 Armour: Leather armour    |    39 |       |       |       ||    39
         Ring mail         |       |    88 |    97 |    70 ||   255
  Dodge: Dodged            |    47 |   172 |   169 |   120 ||   508

Table legend:
 A = Non-vault XP
 B = Vault XP
 C = Vault XP percentage of total XP
 D = Non-vault monster count
 E = Vault monster count
 F = Vault count percentage of total count
                 A         B        C        D         E       F
            +---------+---------+-------+---------+---------+-------
      Total |    4232 |    1204 |  22.1 |     147 |      67 |  31.3
            +---------+---------+-------+---------+---------+-------
        D:1 |      48 |       1 |   2.0 |      30 |       1 |   3.2
        D:2 |      13 |      13 |  50.0 |       8 |       6 |  42.9
        D:3 |     104 |       5 |   4.6 |      30 |       1 |   3.2
        D:4 |     325 |       0 |   0.0 |      12 |       0 |   0.0
        D:5 |     689 |     271 |  28.2 |      17 |       2 |  10.5
        D:6 |     504 |     116 |  18.7 |      11 |       1 |   8.3
        D:7 |     957 |       0 |   0.0 |      18 |       0 |   0.0
        D:8 |    1592 |     472 |  22.9 |      21 |       2 |   8.7
      Sewer |       0 |     326 | 100.0 |       0 |      54 | 100.0
            +---------+---------+-------+---------+---------+-------
